SAA
VIRGINIA BEACH WHALES @ BILOXI SHUCKERS
05/28/2042
 
TOP OF THE 1ST
Virginia Beach Whales batting - Pitching for Biloxi Shuckers : RHP Costanzo Miniato
Pitching: RHP Costanzo Miniato
Batting: RHB Daniel MacKinder 0-0: Ball
1-0: Foul Ball, location: 2F
1-1: Foul Ball, location: 2F
1-2: Ball
2-2: Foul Ball, location: 2F
2-2: Foul Ball, location: 2F
2-2: Ball
3-2: SINGLE (Line Drive, 78M, EV 103.8 MPH)
Batting: LHB Walker Ragland 0-0: Ball
1-0: Ball
2-0: Called Strike
2-1: Foul Ball, location: 2F
2-2: Fielders Choice at 2nd, 4-6 (Groundball, 34D, EV 93.1 MPH)
Batting: RHB Óscar Cardozo 0-0: Called Strike
0-1: Ball
1-1: Ball
2-1: Ball
3-1: Foul Ball, location: 2F
3-2: SINGLE (Line Drive, 56D, EV 95.6 MPH)
Walker Ragland to second
Batting: RHB Todd Walker 0-0: Ball
1-0: SINGLE (Groundball, 4MD, EV 105.0 MPH)
Walker Ragland to third
Óscar Cardozo to second
Runner from 3rd tries for Home, SAFE, throw by CF to home
Batting: RHB Paul Pitts 0-0: Ball
1-0: Ball
2-0: Called Strike
2-1: Ground out U3 (Groundball, 34S, EV 70.6 MPH)
Óscar Cardozo to third
Todd Walker to second
Batting: LHB Asberry Harpending 0-0: Swinging Strike
0-1: Called Strike
0-2: Ball
1-2: Foul Ball, location: 2F
1-2: Fly out, F7 (Flyball, 7LSF, EV 88.1 MPH)
Top of the 1st over - 1 run, 3 hits, 0 errors, 2 left on base; Virginia Beach 1 - Biloxi 0
BOTTOM OF THE 1ST
Biloxi Shuckers batting - Pitching for Virginia Beach Whales : RHP Daryl Benstead
Pitching: RHP Daryl Benstead
Batting: RHB Raúl Yánez 0-0: Called Strike
0-1: Fly out, F3 (Line Drive, 3, EV 70.0 MPH)
Batting: RHB Ricardo Ojíto 0-0: Swinging Strike
0-1: Called Strike
0-2: Foul Ball, location: 2F
0-2: Ball
1-2: Ball
2-2: Ball
3-2: Base on Balls
Batting: RHB Habib Othman 0-0: Ball
1-0: Ball
2-0: Called Strike
2-1: Fielders Choice at 2nd, 5-4 (Groundball, 56, EV 81.9 MPH)
Batting: RHB Guan-xiu Long 0-0: Foul Ball, location: 2F
0-1: Ground out 4-3 (Groundball, 34, EV 89.4 MPH)
Bottom of the 1st over - 0 runs, 0 hits, 0 errors, 1 left on base; Virginia Beach 1 - Biloxi 0
TOP OF THE 2ND
Virginia Beach Whales batting - Pitching for Biloxi Shuckers : RHP Costanzo Miniato
Batting: RHB Juan Oleastro 0-0: Ball
1-0: Fly out, F3 (Popup, 23F, EV 84.4 MPH)
Batting: RHB Jessie Gibbs 0-0: Swinging Strike
0-1: Foul Ball, location: 2F
0-2: Ball
1-2: Foul Ball, location: 2F
1-2: Strikes out swinging
Batting: RHB Roberto González 0-0: Foul Ball, location: 2F
0-1: Ball
1-1: Swinging Strike
1-2: Ball
2-2: Strikes out looking
Top of the 2nd over - 0 runs, 0 hits, 0 errors, 0 left on base; Virginia Beach 1 - Biloxi 0
BOTTOM OF THE 2ND
Biloxi Shuckers batting - Pitching for Virginia Beach Whales : RHP Daryl Benstead
Batting: RHB Randy Moore 0-0: Ball
1-0: Ball
2-0: Called Strike
2-1: Ground out 5-3 (Groundball, 56S, EV 87.5 MPH)
Batting: RHB Mike Hunt 0-0: Ball
1-0: Ball
2-0: Called Strike
2-1: Ball
3-1: Ground out 6-3 (Groundball, 6, EV 105.6 MPH)
Batting: RHB Rickard Busald 0-0: Foul Ball, location: 2F
0-1: Foul Ball, location: 2F
0-2: Ball
1-2: Ball
2-2: Ball
3-2: Base on Balls
Batting: RHB Joselito Amengual 0-0: Fielders Choice at 2nd, 6-4 (Groundball, 6, EV 87.5 MPH)
Bottom of the 2nd over - 0 runs, 0 hits, 0 errors, 1 left on base; Virginia Beach 1 - Biloxi 0
TOP OF THE 3RD
Virginia Beach Whales batting - Pitching for Biloxi Shuckers : RHP Costanzo Miniato
Batting: RHB Daniel MacKinder 0-0: Ground out 6-3 (Groundball, 6, EV 77.5 MPH)
Batting: LHB Walker Ragland 0-0: Ball
1-0: Foul Ball, location: 2F
1-1: Foul Ball, location: 2F
1-2: Ball
2-2: Ground out 4-3 (Groundball, 34, EV 82.5 MPH)
Batting: RHB Óscar Cardozo 0-0: DOUBLE (Flyball, 8RXD, EV 101.9 MPH)
Batting: RHB Todd Walker 0-0: Ball
1-0: Ball
2-0: Called Strike
2-1: Swinging Strike
2-2: Foul Ball, location: 2F
2-2: Foul Ball, location: 2F
2-2: Ball
3-2: Fly out, F8 (Line Drive, 8RD, EV 93.1 MPH)
Top of the 3rd over - 0 runs, 1 hit, 0 errors, 1 left on base; Virginia Beach 1 - Biloxi 0
BOTTOM OF THE 3RD
Biloxi Shuckers batting - Pitching for Virginia Beach Whales : RHP Daryl Benstead
Batting: RHB Pablo Morterero 0-0: Called Strike
0-1: Called Strike
0-2: Ball
1-2: Fly out, F8 (Flyball, 8LS, EV 97.5 MPH)
Batting: RHB Raúl Yánez 0-0: Ball
1-0: Foul Ball, location: 2F
1-1: Foul Ball, location: 2F
1-2: Strikes out swinging, 2-3 out at first.
Batting: RHB Ricardo Ojíto 0-0: Called Strike
0-1: Ball
1-1: Ball
2-1: Fly out, F9 (Flyball, 9S, EV 96.2 MPH)
Bottom of the 3rd over - 0 runs, 0 hits, 0 errors, 0 left on base; Virginia Beach 1 - Biloxi 0
TOP OF THE 4TH
Virginia Beach Whales batting - Pitching for Biloxi Shuckers : RHP Costanzo Miniato
Batting: RHB Paul Pitts 0-0: Ball
1-0: Swinging Strike
1-1: Foul Ball, location: 2F
1-2: Ball
2-2: Ball
3-2: Base on Balls
Batting: LHB Asberry Harpending 0-0: Ball
1-0: Called Strike
Paul Pitts steals 2nd base
1-1: Fly out, F8 (Flyball, 89S, EV 89.4 MPH)
Batting: RHB Juan Oleastro 0-0: SINGLE (Groundball, 6, EV 98.8 MPH) (infield hit)
Paul Pitts to third
Batting: RHB Jessie Gibbs 0-0: Ball
1-0: Foul Ball, location: 2F
1-1: Ball
2-1: SINGLE (Groundball, 25, EV 65.0 MPH) (infield hit)
Juan Oleastro to second
Batting: RHB Roberto González 0-0: SINGLE (Line Drive, 4M, EV 98.8 MPH)
Paul Pitts scores
Juan Oleastro to third
Jessie Gibbs to second
Batting: RHB Daniel MacKinder 0-0: Foul Ball, location: 2F
0-1: Foul Ball, location: 2F
0-2: Foul Ball, location: 2F
0-2: DOUBLE (Line Drive, 89XD, EV 109.4 MPH)
Juan Oleastro scores
Jessie Gibbs scores
Roberto González to third
Runner from 3rd tries for Home, SAFE, throw by CF to trailing runner, SAFE at third!
Pitching: RHP Stephen McQueen
Batting: LHB Walker Ragland 0-0: Ball
1-0: Called Strike
1-1: Called Strike
1-2: Ball
2-2: Ball
3-2: Base on Balls
Batting: RHB Óscar Cardozo 0-0: Ball
1-0: Ball
2-0: Foul Ball, location: 2F
2-1: SINGLE (Flyball, 7LS, EV 90.0 MPH)
Daniel MacKinder scores
Walker Ragland to second
Batting: RHB Todd Walker 0-0: Called Strike
0-1: Ball
1-1: Called Strike
1-2: Ball
2-2: Ball
3-2: Strikes out looking
Batting: RHB Paul Pitts 0-0: Fielders Choice at 2nd, 6-4 (Groundball, 6, EV 84.4 MPH)
Top of the 4th over - 5 runs, 5 hits, 0 errors, 2 left on base; Virginia Beach 6 - Biloxi 0
BOTTOM OF THE 4TH
Biloxi Shuckers batting - Pitching for Virginia Beach Whales : RHP Daryl Benstead
Batting: RHB Habib Othman 0-0: Called Strike
0-1: Ball
1-1: Foul Ball, location: 2F
1-2: TRIPLE (Flyball, 89XD, EV 88.8 MPH)
Batting: RHB Guan-xiu Long 0-0: Ball
1-0: SINGLE (Flyball, 78S, EV 88.1 MPH)
Habib Othman scores
Batting: RHB Randy Moore 0-0: Called Strike
0-1: Ball
1-1: Fielders Choice at 2nd, 6-4 (Groundball, 6, EV 83.1 MPH)
Batting: RHB Mike Hunt 0-0: Ball
1-0: Foul Ball, location: 2F
1-1: Foul Ball, location: 2F
1-2: Ball
2-2: Foul Ball, location: 2F
2-2: Foul Ball, location: 2F
2-2: Foul Ball, location: 2F
2-2: Ball
3-2: SINGLE (Flyball, 9S, EV 90.6 MPH)
Randy Moore to second
Runner from 2nd tries for 3rd, SAFE, throw by RF made to third
Batting: RHB Rickard Busald 0-0: Fly out, F8 (Flyball, 89XD, EV 106.2 MPH)
Runner from 3rd tags up, SCORES, no throw by CF
Batting: RHB Joselito Amengual 0-0: SINGLE (Groundball, 6MD, EV 95.6 MPH)
Mike Hunt to second
Runner from 2nd tries for 3rd, SAFE, throw by CF made to third
Batting: RHB Pablo Morterero 0-0: SINGLE (Groundball, 6MS, EV 70.6 MPH) (infield hit)
Mike Hunt scores
Joselito Amengual to second
Batting: RHB Raúl Yánez 0-0: Called Strike
0-1: Ball
1-1: Foul Ball, location: 2F
1-2: Ball
2-2: SINGLE (Groundball, 6MD, EV 110.0 MPH)
Joselito Amengual to third
Pablo Morterero to second
Runner from 3rd tries for Home, SAFE, throw by CF to home
Batting: RHB Ricardo Ojíto 0-0: Ball
1-0: Ball
2-0: Ball
3-0: Base on Balls
Pablo Morterero to third
Raúl Yánez to second
Batting: RHB Habib Othman 0-0: Called Strike
0-1: Swinging Strike
0-2: Ball
1-2: Ball
2-2: Strikes out swinging
Bottom of the 4th over - 4 runs, 6 hits, 0 errors, 3 left on base; Virginia Beach 6 - Biloxi 4
TOP OF THE 5TH
Virginia Beach Whales batting - Pitching for Biloxi Shuckers : RHP Stephen McQueen
Batting: LHB Asberry Harpending 0-0: Ball
1-0: Swinging Strike
1-1: Swinging Strike
1-2: Ball
2-2: Ball
3-2: Foul Ball, location: 2F
3-2: Foul Ball, location: 2F
3-2: Fly out, F2 (Popup, 25F, EV 77.5 MPH)
Batting: RHB Juan Oleastro 0-0: Ball
1-0: Foul Ball, location: 2F
1-1: Foul Ball, location: 2F
1-2: SINGLE (Flyball, 56D, EV 91.2 MPH)
Batting: RHB Jessie Gibbs 0-0: Called Strike
0-1: Swinging Strike
0-2: Ball
1-2: 2-RUN HOME RUN (Flyball, 78XD, EV 109.4 MPH), Distance : 402 ft
Batting: RHB Roberto González 0-0: Called Strike
0-1: Ball
1-1: Fly out, F8 (Flyball, 8LM, EV 80.0 MPH)
Batting: RHB Daniel MacKinder 0-0: Ball
1-0: Swinging Strike
1-1: Foul Ball, location: 2F
1-2: Foul Ball, location: 2F
1-2: Foul Ball, location: 2F
1-2: Strikes out swinging
Top of the 5th over - 2 runs, 2 hits, 0 errors, 0 left on base; Virginia Beach 8 - Biloxi 4
BOTTOM OF THE 5TH
Biloxi Shuckers batting - Pitching for Virginia Beach Whales : RHP Daryl Benstead
Batting: RHB Guan-xiu Long 0-0: Called Strike
0-1: Ball
1-1: Ball
2-1: Ground out U3 (Groundball, 3L, EV 86.9 MPH)
Batting: RHB Randy Moore 0-0: Foul Ball, location: 2F
0-1: Called Strike
0-2: Foul Ball, location: 2F
0-2: TRIPLE (Line Drive, 89XD, EV 98.1 MPH)
Pitching: RHP Martin Rumbolt
Batting: RHB Mike Hunt 0-0: Called Strike
0-1: Foul Ball, location: 2F
0-2: Foul Ball, location: 2F
0-2: Ball
1-2: Foul Ball, location: 2F
1-2: Ball
2-2: Strikes out looking
Batting: RHB Rickard Busald 0-0: Ball
1-0: Ball
2-0: Ball
3-0: Called Strike
3-1: Fly out, F7 (Flyball, 7S, EV 83.1 MPH)
Bottom of the 5th over - 0 runs, 1 hit, 0 errors, 1 left on base; Virginia Beach 8 - Biloxi 4
TOP OF THE 6TH
Virginia Beach Whales batting - Pitching for Biloxi Shuckers : RHP Stephen McQueen
Batting: LHB Walker Ragland 0-0: Ball
1-0: Ground out 4-3 (Groundball, 4MS, EV 81.2 MPH)
Batting: RHB Óscar Cardozo 0-0: Ball
1-0: SINGLE (Line Drive, 7LS, EV 103.8 MPH)
Batting: RHB Todd Walker 0-0: Ball
1-0: Called Strike
1-1: Ball
2-1: Fly out, F9 (Flyball, 9, EV 86.2 MPH)
Batting: RHB Paul Pitts 0-0: SINGLE (Groundball, 56D, EV 95.0 MPH)
Óscar Cardozo to second
Batting: LHB Asberry Harpending 0-0: Ball
1-0: SINGLE (Groundball, 4MD, EV 106.2 MPH)
Óscar Cardozo to third
Paul Pitts to second
Runner from 3rd tries for Home, SAFE, throw by CF to home
Pitching: LHP Omar Bongo
Batting: RHB Juan Oleastro 0-0: Ball
1-0: Ball
2-0: Called Strike
2-1: Foul Ball, location: 2F
2-2: Ball
3-2: Strikes out swinging
Top of the 6th over - 1 run, 3 hits, 0 errors, 2 left on base; Virginia Beach 9 - Biloxi 4
BOTTOM OF THE 6TH
Biloxi Shuckers batting - Pitching for Virginia Beach Whales : RHP Martin Rumbolt
Batting: RHB Joselito Amengual 0-0: Ball
1-0: Foul Ball, location: 2F
1-1: Ground out 5-3 (Groundball, 56S, EV 82.5 MPH)
Batting: RHB Pablo Morterero 0-0: Called Strike
0-1: Ball
1-1: Called Strike
1-2: SINGLE (Groundball, 4MD, EV 105.0 MPH)
Batting: RHB Raúl Yánez 0-0: Called Strike
0-1: Fly out, F8 (Flyball, 8LM, EV 95.0 MPH)
Batting: RHB Ricardo Ojíto 0-0: SINGLE (Flyball, 89S, EV 98.8 MPH)
Pablo Morterero to second
Batting: RHB Habib Othman 0-0: Called Strike
0-1: Swinging Strike
0-2: Foul Ball, location: 2F
0-2: Ball
1-2: Fly out, F9 (Flyball, 9D, EV 95.6 MPH)
Bottom of the 6th over - 0 runs, 2 hits, 0 errors, 2 left on base; Virginia Beach 9 - Biloxi 4
TOP OF THE 7TH
Virginia Beach Whales batting - Pitching for Biloxi Shuckers : LHP Omar Bongo
Batting: RHB Jessie Gibbs 0-0: Ball
1-0: SINGLE (Line Drive, 8RS, EV 95.6 MPH)
Batting: RHB Roberto González 0-0: Foul Ball, location: 2F
0-1: Ball
1-1: Ball
2-1: Ball
3-1: Base on Balls
Jessie Gibbs to second
Batting: RHB Daniel MacKinder 0-0: Sac Bunt to P - play at first, batter OUT! 1-3
Jessie Gibbs to third
Roberto González to second
Batting: LHB Walker Ragland 0-0: Ball
1-0: Ball
Wild Pitch!
Jessie Gibbs scores
Roberto González to third
2-0: Ground out 5-3 (Groundball, 56S, EV 81.9 MPH)
Roberto González scores
Pinch Hitting: RHB Aatos Salmi 0-0: SINGLE (Groundball, 56D, EV 94.4 MPH)
Pinch Hitting: RHB Dave Thomas 0-0: Ball
1-0: SINGLE (Flyball, 78S, EV 91.2 MPH)
Aatos Salmi to second
Batting: RHB Paul Pitts 0-0: Ball
1-0: Ball
2-0: Called Strike
2-1: Ball
3-1: Foul Ball, location: 2F
3-2: Foul Ball, location: 2F
3-2: Foul Ball, location: 2F
3-2: Base on Balls
Aatos Salmi to third
Dave Thomas to second
Batting: LHB Asberry Harpending 0-0: Ball
1-0: Called Strike
1-1: Foul Ball, location: 2F
1-2: Strikes out swinging
Top of the 7th over - 2 runs, 3 hits, 0 errors, 3 left on base; Virginia Beach 11 - Biloxi 4
BOTTOM OF THE 7TH
Biloxi Shuckers batting - Pitching for Virginia Beach Whales : RHP Martin Rumbolt
Now at SS: Aatos Salmi
Now in RF: Dave Thomas
Pinch Hitting: RHB Lorenzo Gaona 0-0: Called Strike
0-1: Ball
1-1: Ball
2-1: Ball
3-1: Fly out, F8 (Line Drive, 8RD, EV 91.2 MPH)
Pinch Hitting: RHB Jason Middleton 0-0: Swinging Strike
0-1: Swinging Strike
0-2: Ball
1-2: Foul Ball, location: 2F
1-2: Strikes out swinging
Batting: RHB Mike Hunt 0-0: Swinging Strike
0-1: Ball
1-1: Swinging Strike
1-2: Ball
2-2: Foul Ball, location: 2F
2-2: Ball
3-2: Strikes out swinging
Bottom of the 7th over - 0 runs, 0 hits, 0 errors, 0 left on base; Virginia Beach 11 - Biloxi 4
TOP OF THE 8TH
Virginia Beach Whales batting - Pitching for Biloxi Shuckers : LHP Omar Bongo
Now at 3B: Jason Middleton
Now in LF: Emílio Vivas
Pinch Hitting: LHB Henry Head 0-0: Ground out 4-3 (Groundball, 34D, EV 100.6 MPH)
Pinch Hitting: RHB Manny Dedo 0-0: Ball
1-0: Called Strike
1-1: Called Strike
1-2: Fly out, F7 (Flyball, 78S, EV 87.5 MPH)
Batting: RHB Roberto González 0-0: Ball
1-0: SINGLE (Line Drive, 6MD, EV 96.2 MPH)
Batting: RHB Daniel MacKinder 0-0: SINGLE (Groundball, 6D, EV 109.4 MPH)
Roberto González to second
Batting: LHB Walker Ragland 0-0: Ball
1-0: SINGLE (Groundball, 4D, EV 94.4 MPH)
Roberto González to third
Daniel MacKinder to second
Runner from 3rd tries for Home, SAFE, throw by RF to home
Batting: RHB Aatos Salmi 0-0: Foul Ball, location: 2F
0-1: Foul Ball, location: 2F
0-2: Strikes out looking
Top of the 8th over - 1 run, 3 hits, 0 errors, 2 left on base; Virginia Beach 12 - Biloxi 4
BOTTOM OF THE 8TH
Biloxi Shuckers batting - Pitching for Virginia Beach Whales : RHP Martin Rumbolt
Now at 3B: Manny Dedo
Now in LF: Henry Head
Pinch Hitting: SHB Bryan Barber 0-0: Ball
1-0: Ground out 1-3 (Groundball, 34S, EV 84.4 MPH)
Batting: RHB Joselito Amengual 0-0: Ball
1-0: Called Strike
1-1: Ball
2-1: Ground out 5-3 (Groundball, 56, EV 78.1 MPH)
Batting: RHB Pablo Morterero 0-0: DOUBLE (Groundball, 3D, EV 103.8 MPH)
Batting: RHB Raúl Yánez 0-0: Called Strike
0-1: Called Strike
0-2: Ball
1-2: Ball
2-2: Strikes out looking
Bottom of the 8th over - 0 runs, 1 hit, 0 errors, 1 left on base; Virginia Beach 12 - Biloxi 4
TOP OF THE 9TH
Virginia Beach Whales batting - Pitching for Biloxi Shuckers : LHP Omar Bongo
Pitching: RHP Luis Valdés
Now at 2B: Juan Méndez
Batting: RHB Dave Thomas 0-0: Called Strike
0-1: Called Strike
0-2: Ground out 6-3 (Groundball, 6, EV 85.0 MPH)
Batting: RHB Paul Pitts 0-0: Ball
1-0: Ball
2-0: Ball
3-0: Base on Balls
Batting: LHB Asberry Harpending 0-0: Ball
1-0: Fly out, F8 (Line Drive, 8LM, EV 91.9 MPH)
Batting: LHB Henry Head 0-0: Fly out, F8 (Line Drive, 8LD, EV 94.4 MPH)
Top of the 9th over - 0 runs, 0 hits, 0 errors, 1 left on base; Virginia Beach 12 - Biloxi 4
BOTTOM OF THE 9TH
Biloxi Shuckers batting - Pitching for Virginia Beach Whales : RHP Martin Rumbolt
Batting: RHB Ricardo Ojíto 0-0: Ball
1-0: Foul Ball, location: 2F
1-1: Foul Ball, location: 2F
1-2: Foul Ball, location: 2F
1-2: Ball
2-2: Fly out, F3 (Flyball, 3D, EV 92.5 MPH)
Batting: RHB Habib Othman 0-0: Ball
1-0: Called Strike
1-1: Ball
2-1: Ball
3-1: Base on Balls
Batting: RHB Emílio Vivas 0-0: Fielders Choice at 2nd, 4-6 (Groundball, 4, EV 78.8 MPH)
Batting: RHB Jason Middleton 0-0: Swinging Strike
0-1: Ball
1-1: Fly out, F7 (Flyball, 7LMF, EV 87.5 MPH)
Bottom of the 9th over - 0 runs, 0 hits, 0 errors, 1 left on base; Virginia Beach 12 - Biloxi 4
Friday, March 26th, 2021 - OOTP Baseball 20.8 Build 74